AoeStats
← fat_dgk

Fortress

509440519Analyzed
4v4 RM · 5d ago on Sep 26, 2026· 57m 49s· 8 players
Game mode
Random Map
Map size
Huge
Population
200
Speed
Normal
Resources
Standard
Victory
Conquest
Starting age
Dark Age
Ending age
Imperial Age
RankedLock teamsTeams togetherTeam positionsShared explorationLock speedFull tech treeHidden civsTurbo modeCheats
Victory
Defeat
🇹🇷 Khmer · Türkiye
1220
+17
🇲🇽 Danes · Mexico
1186
+19
🇲🇽 Armenians · Mexico
1174
+19
🇲🇽 Danes · Mexico
1132
+21
🇧🇷 Burgundians · Brazil
1319
-22
🇦🇷 Georgians · Argentina
1260
-20
🇧🇷 Malians · Brazil
1203
-17
🇨🇱 Mongols · Chile
1188
-17
fat_dgk
5:54 Feudal Age
10:37 Castle Age
9:42 Double-Bit Axe
9:50 Horse Collar
14:51 Loom
18:41 Wheelbarrow
18:52 Fletching
19:00 Town Watch
19:31 Bodkin Arrow
31:26 Padded Archer Armor
33:57 Ballistics
34:22 Gold Mining
34:23 Stone Mining
37:58 Imperial Age
37:09 Scale Barding Armor
37:14 Forging
37:52 Leather Archer Armor
38:58 Bracer
38:38 Light Cavalry
39:55 Husbandry
40:07 Bloodlines
41:21 Hussar
42:22 Chain Barding Armor
48:05 Chemistry
47:48 Thumb Ring
48:27 Parthian Tactics
48:46 Elite Mangudai
53:16 Iron Casting
Wololo 2.0
0:40 Loom
7:13 Feudal Age
13:56 Castle Age
12:14 Double-Bit Axe
12:26 Horse Collar
13:44 Gold Mining
20:29 Wheelbarrow
21:27 Heavy Plow
21:39 Bow Saw
24:57 Forging
29:01 Imperial Age
27:18 Hand Cart
26:51 Town Watch
27:13 Scale Mail Armor
29:55 Chain Mail Armor
30:16 Iron Casting
29:17 Elite Gbeto
30:53 Crop Rotation
30:29 Stone Mining
31:43 Plate Mail Armor
32:04 Town Patrol
36:56 Scale Barding Armor
36:58 Farimba
38:47 Bloodlines
38:37 Husbandry
37:58 Light Cavalry
elnegrovisioso
7:13 Feudal Age
11:28 Castle Age
10:17 Double-Bit Axe
17:45 Horse Collar
18:42 Bow Saw
22:10 Gold Mining
22:24 Heavy Plow
23:49 Scale Barding Armor
23:55 Forging
24:45 Wheelbarrow
23:56 Town Watch
31:05 Imperial Age
28:51 Hand Cart
28:22 Loom
28:37 Town Patrol
29:17 Chain Barding Armor
29:32 Iron Casting
31:12 Elite Monaspa
32:13 Conscription
31:15 Cavalier
31:55 Husbandry
32:12 Stone Mining
33:02 Husbandry
33:12 Bloodlines
35:20 Plate Barding Armor
35:46 Blast Furnace
35:50 Aznauri Cavalry
37:08 Light Cavalry
38:33 Stone Shaft Mining
38:01 Fletching
37:53 Hussar
39:28 Coinage
39:23 Guard Tower
40:33 Chemistry
39:55 Ballistics
39:11 Hussar
39:24 Capped Ram
41:05 Svan Towers
41:01 Bodkin Arrow
44:05 Bracer
46:09 Keep
47:29 Hoardings
47:00 Treadmill Crane
47:17 Murder Holes
47:38 Caravan
48:47 Guilds
49:08 Banking
49:11 Arrowslits
51:43 Crop Rotation
[Rz] TK_puxa
7:58 Feudal Age
9:07 Loom
12:12 Castle Age
10:00 Double-Bit Axe
10:54 Gold Mining
11:24 Forging
11:54 Bow Saw
11:39 Horse Collar
16:27 Heavy Plow
21:55 Wheelbarrow
23:58 Gold Shaft Mining
24:01 Stone Mining
24:36 Hand Cart
28:20 Imperial Age
25:47 Town Watch
27:25 Fletching
28:32 Bodkin Arrow
30:01 Chemistry
29:05 Padded Archer Armor
31:08 Two-Man Saw
30:36 Conscription
29:37 Elite Coustillier
30:25 Burgundian Vineyards
31:08 Crop Rotation
30:53 Squires
30:39 Arson
30:54 Murder Holes
31:10 Masonry
31:45 Bracer
32:19 Town Patrol
32:36 Leather Archer Armor
32:58 Scale Barding Armor
33:28 Iron Casting
32:22 Cavalier
33:02 Husbandry
34:46 Hoardings
34:40 Paladin
35:43 Chain Barding Armor
36:23 Blast Furnace
39:47 Light Cavalry
40:57 Hussar
48:08 Fortified Wall
48:19 Ballistics
48:21 Bombard Tower
52:32 Plate Barding Armor
[MIAAU] GM Panzer IV
3:11 Loom
9:07 Feudal Age
13:03 Castle Age
11:17 Double-Bit Axe
11:35 Scale Mail Armor
14:50 Forging
16:40 Arson
17:25 Squires
22:37 Chain Mail Armor
24:35 Iron Casting
34:25 Loom
38:55 Imperial Age
40:33 Onager
40:53 Northmen's Fury
42:19 Siege Onager
44:55 Siege Engineers
50:32 Chemistry
Ux'RaulitoMD
8:19 Feudal Age
9:41 Double-Bit Axe
9:40 Horse Collar
10:06 Loom
12:42 Castle Age
10:55 Fletching
11:08 Scale Mail Armor
11:48 Forging
12:24 Gold Mining
13:42 Wheelbarrow
12:53 Town Watch
14:22 Bodkin Arrow
16:58 Chain Mail Armor
20:42 Hand Cart
23:05 Bow Saw
22:59 Heavy Plow
23:14 Hamask
26:08 Padded Archer Armor
26:44 Iron Casting
26:16 Scale Barding Armor
28:07 Squires
27:53 Arson
27:54 Gambesons
27:30 Man-at-Arms
27:30 Pikeman
31:15 Imperial Age
30:38 Leather Archer Armor
30:50 Long Swordsman
32:22 Conscription
32:38 Hoardings
32:01 Elite Varangian Guard
33:20 Two-Handed Swordsman
34:34 Elite Jomsviking
34:47 Champion
36:54 Gold Shaft Mining
36:09 Stone Mining
37:49 Chemistry
37:09 Ballistics
36:45 Murder Holes
36:31 Halberdier
38:59 Plate Mail Armor
39:30 Blast Furnace
38:31 Bracer
39:02 Ring Archer Armor
38:53 Chain Barding Armor
38:47 Masonry
40:05 Northmen's Fury
46:33 Stone Shaft Mining
46:37 Plate Barding Armor
46:11 Siege Engineers
45:58 Guard Tower
45:54 Arrowslits
51:03 Caravan
GaboAlv
2:46 Loom
5:03 Loom
7:07 Feudal Age
7:48 Double-Bit Axe
11:07 Horse Collar
14:05 Castle Age
12:18 Fletching
12:39 Gold Mining
14:21 Wheelbarrow
15:08 Bodkin Arrow
19:04 Padded Archer Armor
21:14 Hand Cart
23:36 Bow Saw
27:21 Imperial Age
24:39 Town Watch
25:52 Leather Archer Armor
26:59 Scale Barding Armor
28:15 Gold Shaft Mining
27:31 Stone Mining
28:01 Bracer
28:49 Ring Archer Armor
29:25 Chemistry
28:45 Ballistics
29:11 Conscription
29:23 Ballistics
29:07 Town Patrol
28:59 Elite Composite Bowman
30:49 Masonry
30:39 Stone Mining
31:59 Bloodlines
31:49 Husbandry
32:15 Fereters
32:55 Cavalier
33:34 Man-at-Arms
34:00 Gambesons
34:16 Squires
34:18 Scale Mail Armor
34:28 Forging
34:40 Chain Barding Armor
33:59 Elite Skirmisher
34:14 Long Swordsman
35:13 Two-Handed Swordsman
35:39 Arson
36:01 Champion
38:27 Iron Casting
37:19 Pikeman
38:21 Heavy Plow
39:36 Caravan
40:09 Coinage
42:33 Caravan
44:41 Hoardings
46:21 Blast Furnace
45:36 Chain Mail Armor
50:20 Halberdier
51:33 Plate Mail Armor
51:37 Light Cavalry
Barka
0:28 Loom
8:04 Feudal Age
10:58 Castle Age
9:04 Double-Bit Axe
9:19 Horse Collar
11:04 Wheelbarrow
12:29 Heavy Plow
18:12 Stone Mining
19:11 Gold Mining
19:40 Hand Cart
20:33 Town Watch
21:30 Gold Shaft Mining
23:04 Stone Shaft Mining
23:43 Fletching
24:17 Fortified Wall
24:28 Ballistics
26:46 Imperial Age
25:11 Bow Saw
25:10 Town Patrol
25:25 Masonry
26:32 Scale Barding Armor
26:37 Forging
26:30 Murder Holes
26:33 Bodkin Arrow
26:41 Light Cavalry
28:30 Crop Rotation
29:36 Conscription
29:40 Chain Barding Armor
28:44 Hussar
29:35 Bloodlines
29:26 Husbandry
29:53 Double Crossbow
31:10 Plate Barding Armor
30:33 Elite Ballista Elephant
31:52 Iron Casting
35:55 Blast Furnace
34:55 Bracer
39:22 Hoardings
43:41 Scale Mail Armor
43:41 Padded Archer Armor
44:30 Pikeman
44:56 Arson
Connection lost

Rejoining the realm…

Still unreachable

The connection could not be restored.

Session expired

The server has moved on; the page needs a fresh start.